 Dungeon Crawl Stone Soup version 0.25-a0-589-g1e14c549ee (webtiles) character file.

Game seed: 7744010163336510548, levelgen mode: deterministic

272 Lentor the Cudgeler (level 6, -4/48 HPs)
             Began as a Demonspawn Fighter on Mar 10, 2020.
             Killed by nerve-wracking pain
             ... invoked by an orc priest
              (11 damage)
             ... on level 4 of the Dungeon.
             The game lasted 00:09:13 (3554 turns).

Lentor the Cudgeler (Demonspawn Fighter)            Turns: 3554, Time: 00:09:15

Health: -4/48      AC: 11    Str: 19    XL:     6   Next: 2%
Magic:  6/6        EV:  7    Int:  9    God:
Gold:   106        SH:  9    Dex: 12    Spells: 5/5 levels left

rFire    + . .     SeeInvis .   a - +0 flail
rCold    + . .     Gourm    .   c - +0 kite shield
rNeg     . . .     Faith    .   j - +0 scale mail {rC+}
rPois    .         Spirit   .   (no helmet)
rElec    .         Reflect  .   p - +1 cloak
rCorr    .         Harm     .   k - +2 pair of gloves
MR       .....                  (no boots)
Stlth    ..........             (no amulet)
HPRegen  0.16/turn              b - -3 ring of protection (curse)
MPRegen  0.10/turn              (no ring)

@: mighty, lightly drained
A: talons 1, slimy green scales 1, fire resistance 1, spiny 2
a: no special abilities


You were on level 4 of the Dungeon.
You were near starving.

You visited 2 branches of the dungeon, and saw 5 of its levels.

You collected 106 gold pieces.

Inventory:

Hand Weapons
 a - a +0 flail (weapon)
Armour
 c - a +0 kite shield (worn)
 j - a +0 scale mail of cold resistance (worn)
 k - a +2 pair of gloves (worn)
 p - a +1 cloak (worn)
Jewellery
 b - a cursed -3 ring of protection (left hand)
Wands
 o - a wand of disintegration (12)
Scrolls
 h - a scroll of fear
 r - 2 scrolls of identify
Potions
 d - a potion of might
 e - 3 potions of curing
 g - a potion of degeneration {unknown}
 i - a potion of resistance {unknown}
 m - a potion of magic {unknown}
 n - a potion of invisibility {unknown}
 q - a potion of stabbing {unknown}
Comestibles
 f - 9 rations


   Skills:
 + Level 3.6(3.1) Fighting
 * Level 4.1(3.6) Maces & Flails
 + Level 3.4(2.8) Armour
 + Level 0.6(0.1) Dodging
 + Level 1.0(0.5) Stealth
 + Level 3.4(2.9) Shields


You had 5 spell levels left.
You didn't know any spells.
Your spell library was empty.

Dungeon Overview and Level Annotations

Branches:
Dungeon (4/15)             Temple (1/1) D:4

Altars:
Ashenzari
Cheibriados
Dithmenos
Elyvilon
Gozag
Kikubaaqudgha
Qazlal
Sif Muna
Trog
Vehumet
Yredelemnul
Zin
The Shining One


Innate Abilities, Weirdness & Mutations

You have sharp toenails.
You are partially covered in slimy green scales. (AC +2)
Your flesh is heat resistant. (rF+)
You are mostly covered in sharp spines.


Message History

You barely miss the orc. You claw the orc.
The orc is severely wounded.
You block the orc's attack.
The orc priest invokes the aid of Beogh against you.
Beogh smites you!
* * * LOW HITPOINT WARNING * * *
You sock the orc!
You kill the orc!
The orc is struck by your spines. The orc hits you but does no damage.
You block the orc's attack.
You sock the orc!
You kill the orc!
The orc closely misses you.
You hit the orc priest.
The orc priest is moderately wounded.
The orc priest hits you but does no damage.
You block the orc's attack.
The orc priest calls down the wrath of Beogh upon you.
Pain shoots through your body!
You die...

,,,,,,,,,,,,,,,,,,*#.#,,,**
,,,,,,,,,,*,***,,,,..#**,.*
,,,,,,,**..,*,,,**,..#**..*******
,*,,,,,,##.,,,***##o.,,..o,,,,,,,
**,,,,..#...*** #o.**..>.o,,,,,,
,*,,###......* #.##.....,,,,,,,
,,,,.........#* #.)......,,,,,,,
#.............####........,,,,,,,
#.........#.....@o........,,,,,,,
#.........#####)#o........,,,,,,,
#...............##........,,,,,,,
#............##..#.#(.....,,,,,,,
#..........#.###........[.,,,****
#..........#..####.....♣≈≈≈,,*
...(...........# #.#...♣♣≈≈≈,*
..((....÷..#.#.###......≈≈*,,*
.>>............#.....,,,,,,,**


You could see an orc priest and an orc.

Vanquished Creatures
  2 orc priests (D:4)
  An iguana (D:4)
  Natasha (thrice) (D:4)
  An adder (D:2)
  An ooze (D:1)
  2 worms (D:2)
  A dart slug (D:2)
  4 leopard geckos
  11 orcs
  A bat (D:1)
  5 giant cockroaches
  9 goblins
  8 hobgoblins
  7 jackals (D:1)
  2 ball pythons
  5 frilled lizards
  10 kobolds
  7 rats
80 creatures vanquished.

Vanquished Creatures (others)
  4 toadstools (D:1)
4 creatures vanquished.

Grand Total: 84 creatures vanquished

Notes
Turn   | Place    | Note
-------+----------+-------------------------------------------
     0 | D:1      | Lentor the Demonspawn Fighter began the quest for the Orb.
     0 | D:1      | Reached XP level 1. HP: 18/18 MP: 1/1
   170 | D:1      | Gained mutation: You have sharp toenails. [demonic
                  | ancestry]
   170 | D:1      | Reached XP level 2. HP: 24/24 MP: 2/2
   396 | D:1      | Reached skill level 2 in Maces & Flails
   421 | D:1      | Gained mutation: You are partially covered in sharp spines.
                  | [demonic ancestry]
   421 | D:1      | Reached XP level 3. HP: 25/29 MP: 3/3
  1442 | D:2      | Found an opulent altar of Gozag.
  1519 | D:2      | Gained mutation: You are partially covered in slimy green
                  | scales. (AC +2) [demonic ancestry]
  1519 | D:2      | Reached XP level 4. HP: 34/35 MP: 4/4
  2931 | D:4      | Reached skill level 3 in Maces & Flails
  2931 | D:4      | Reached skill level 1 in Stealth
  2952 | D:4      | Gained mutation: Your flesh is heat resistant. (rF+)
                  | [demonic ancestry]
  2952 | D:4      | Reached XP level 5. HP: 15/41 MP: 5/5
  2973 | D:4      | Found a staircase to the Ecumenical Temple.
  2973 | D:4      | Noticed Natasha
  3165 | D:4      | Killed Natasha
  3196 | Temple   | Entered the Ecumenical Temple
  3302 | D:4      | Noticed Natasha
  3312 | D:4      | Killed Natasha
  3534 | D:4      | Noticed Natasha
  3546 | D:4      | Reached skill level 4 in Maces & Flails
  3547 | D:4      | Killed Natasha
  3549 | D:4      | Gained mutation: You are mostly covered in sharp spines.
                  | [demonic ancestry]
  3549 | D:4      | Reached XP level 6. HP: 16/47 MP: 6/6
  3554 | D:4      | Killed from afar by an orc priest

Levels and vault maps discovered:
D:1:      ldierk_walled_garden_2, layout_loops_ring,
          chequers_serial_rivers_small_b, minmay_close_crescents
D:2:      minmay_general_purpose_star, layout_basic, grunt_gozag_breadcrumbs
D:3:      layout_loops_corners
D:4:      layout_rooms, nicolae_overflow_crystal_walls,
          minmay_temple_entry_statues, serial_bayou_pond_d, uniq_pikel,
          uniq_natasha, uniq_menkaure, uniq_crazy_yiuf_cottage
Temple:   cyrus_circular_temple

Skill      XL: |  1  2  3  4  5 |
---------------+----------------+-----
Shields        | 3 |  3.4
Armour         | 3 |  3.4
Maces & Flails | 2 3 4 |  4.1
Stealth        | 1 |  1.0
Fighting       | |  3.6
Dodging        | |  0.6

Action                   |  1- 3 |  4- 6 || total
-------------------------+-------+-------++-------
Melee: Flail             |   109 |    86 ||   195
       Kick              |    26 |    18 ||    44
  Use: Scroll            |     3 |     2 ||     5
       Potion            |     1 |     1 ||     2
  Eat: Chunk             |     2 |     5 ||     7
Armor: Scale mail        |    49 |    35 ||    84
Dodge: Dodged            |    23 |    25 ||    48
Block: Kite shield       |    67 |    34 ||   101

Table legend:
 A = Non-vault XP
 B = Vault XP
 C = Vault XP percentage of total XP
 D = Non-vault monster count
 E = Vault monster count
 F = Vault count percentage of total count
                 A         B        C        D         E       F
            +---------+---------+-------+---------+---------+-------
      Total |     342 |      47 |  12.1 |      72 |       8 |  10.0
            +---------+---------+-------+---------+---------+-------
        D:1 |      50 |       8 |  13.8 |      27 |       4 |  12.9
        D:2 |      51 |       4 |   7.3 |      19 |       3 |  13.6
        D:3 |      14 |       0 |   0.0 |       8 |       0 |   0.0
        D:4 |     227 |      35 |  13.4 |      18 |       1 |   5.3
            +---------+---------+-------+---------+---------+-------
